 Dungeon Crawl Stone Soup version 0.30-a0-782-ge64f9170bb (webtiles) character file.

Game seed: 7616815571014723635

907 funkygono the Chopper (level 7, -1/61 HPs)
             Began as a Minotaur Fighter on Mar 17, 2023.
             Slain by an ogre
             ... wielding a +0 giant club
              (26 damage)
             ... on level 6 of the Dungeon.
             The game lasted 00:07:09 (5642 turns).

funkygono the Chopper (Minotaur Fighter)            Turns: 5642, Time: 00:07:10

Health: -1/61      AC: 12    Str: 22    XL:     7   Next: 81%
Magic:  15/15      EV:  8    Int:  5    God:
Gold:   317        SH:  5    Dex: 10    Spells: 6/6 levels left

rFire   . . .      SeeInvis .    a - +1 war axe
rCold   . . .      Faith    .    c - +0 buckler
rNeg    . . .      Spirit   .    g - +0 chain mail
rPois   .          Reflect  .    (helmet restricted)
rElec   .          Harm     .    (no cloak)
rCorr   +          Rampage  .    (no gloves)
Will    .....                    m - +1 pair of boots Stlth
                                 (no amulet)
HPRegen 0.30/turn                A - ring of magical power
MPRegen 0.14/turn                B - ring of resist corrosion

@: no status effects
A: horns 2, retaliatory headbutt
a: no special abilities


You were on level 6 of the Dungeon.
You visited 1 branch of the dungeon, and saw 6 of its levels.

You collected 317 gold pieces.

Inventory:

Hand Weapons
 a - a +1 war axe (weapon)
Missiles
 n - 4 silver javelins (quivered)
Armour
 c - a +0 buckler (worn)
 g - a +0 chain mail (worn)
 m - a +1 pair of boots (worn)
Jewellery
 A - a ring of magical power (left hand)
 B - a ring of resist corrosion (right hand)
Wands
 r - a wand of flame (17)
 y - a wand of paralysis (11)
Scrolls
 b - a scroll of noise {unknown}
 i - a scroll of torment {unknown}
 j - a scroll of silence
 k - a scroll of vulnerability
 p - 2 scrolls of teleportation
 t - a scroll of summoning
Potions
 d - a potion of might
 e - a potion of heal wounds
 f - 4 potions of curing
 h - a potion of attraction
 u - a potion of lignification
 v - a potion of magic
 w - 2 potions of brilliance {unknown}


   Skills:
 + Level 5.5 Fighting
 + Level 7.6 Axes
 + Level 6.1 Armour
 + Level 1.1 Dodging
 + Level 0.6 Stealth
 + Level 5.2 Shields


You had 6 spell levels left.
You didn't know any spells.
Your spell library contained the following spells:

 Spells                   Type           Power      Damage    Failure   Level
 Magic Dart               Conj           0%         1d3       99%         1
 Sting                    Tmut/Pois      0%         1d3       99%         1
 Call Imp                 Summ           0%         N/A       100%        2
 Wereblood                Tmut           0%         N/A       100%        2
 Inner Flame              Hex/Fire       0%         N/A       100%        3
 Mephitic Cloud           Conj/Pois/Air  0%         N/A       100%        3
 Flame Wave               Conj/Fire      0%         2d4       100%        4
 Sticky Flame             Conj/Fire      0%         2d3       100%        4
 Yara's Violent Unravell  Hex/Tmut       0%         3d3       100%        5
 Dragon Form              Tmut           0%         N/A       100%        7


Dungeon Overview and Level Annotations

Branches:
Dungeon (6/15)
 Temple: D:4-7

Altars:
Makhleb
The Shining One

Shops:
D:5 *


Innate Abilities, Weirdness & Mutations

You have a pair of horns on your head.
You reflexively headbutt those who attack you in melee.


Message History

The adder is severely wounded.
The adder bites you but does no damage.
You miss the adder.
The adder is severely wounded.
The adder bites you but does no damage. x2
You slash the adder!
You kill the adder!
You pick up a book of Minor Magic and begin reading...
You add the spells Magic Dart, Call Imp and Mephitic Cloud to your library.
You open the door.
There is an open door here.
i - a scroll labelled TYUSED VOMURI An orc comes into view.
It is wielding a +0 hand axe.
The orc shouts!
The orc closely misses you. You furiously retaliate!
You headbutt the orc!
You kill the orc!
Things that are here:
a +0 hand axe; a +0 leather armour; an orc corpse You open the door.
There is an open door here.
You open the door.
There is an open door here.
w - 2 red potions (gained 1)
You open the door.
Found a stone staircase leading down.
An ogre comes into view. It is wielding a +0 giant club.
The ogre shouts!
You hear a shout!
There is an open door here.
A white imp comes into view.
The ogre hits you with a +0 giant club!
You barely miss the ogre. The white imp gestures at you.
The puff of frost hits you but does no damage.
The ogre hits you with a +0 giant club!!
You slash the ogre!
The ogre is heavily wounded.
You barely miss the ogre.
The ogre is heavily wounded.
The ogre hits you with a +0 giant club!!
You die...

.. #. .###. ..#. ...## ...#
######..### ......5O..#
#..@# #...############
#..>'..........#
#...##########.# #...# #.#
##### #.# #.# ##### #.#
################...######.#


You could see an ogre and a white imp.

Vanquished Creatures
  Eustachio (D:5)
  A sky beast (D:6)
  An ice beast (D:6)
  2 black bears (D:4)
  A kobold brigand (D:6)
  A hound (D:6)
  2 jellies
  Jessica (D:3)
  2 iguanas
  6 adders
  3 gnolls (D:2)
  A shadow imp (D:6)
  2 ufetubi (D:5)
  A worm (D:3)
  3 dart slugs
  4 orcs
  6 endoplasms
  7 giant cockroaches
  11 goblins
  8 hobgoblins
  4 jackals (D:2)
  10 kobolds
  2 quokkas
  4 ball pythons
  7 bats
  A frilled lizard (D:1)
  4 rats
96 creatures vanquished.

Notes
Turn   | Place    | Note
-------+----------+-------------------------------------------
     0 | D:1      | funkygono the Minotaur Fighter began the quest for the Orb.
     0 | D:1      | Reached XP level 1. HP: 19/19 MP: 0/0
   116 | D:1      | Reached XP level 2. HP: 27/27 MP: 1/1
   268 | D:1      | Found a faded altar of an unknown god.
   792 | D:1      | Reached XP level 3. HP: 33/33 MP: 2/2
  1031 | D:2      | Reached skill level 3 in Axes
  1097 | D:2      | Identified the +0 leather armour of Cikhuiz {SInv}
  1104 | D:2      | Reached XP level 4. HP: 39/40 MP: 3/3
  1722 | D:3      | Reached skill level 4 in Axes
  1794 | D:3      | Noticed Jessica
  1798 | D:3      | Killed Jessica
  1882 | D:3      | Reached XP level 5. HP: 47/47 MP: 4/4
  2856 | D:4      | Reached skill level 5 in Axes
  3039 | D:4      | Noticed a black bear
  3053 | D:4      | Killed a black bear
  3054 | D:4      | Reached XP level 6. HP: 22/53 MP: 5/5
  3533 | D:4      | Reached skill level 5 in Armour
  4200 | D:5      | Entered Level 5 of the Dungeon
  4230 | D:5      | Reached skill level 6 in Axes
  4368 | D:5      | Found Potsih's General Store.
  4592 | D:5      | Noticed Eustachio
  4603 | D:5      | Killed Eustachio
  4604 | D:5      | Reached skill level 5 in Fighting
  4604 | D:5      | Reached XP level 7. HP: 54/61 MP: 6/6
  5237 | D:6      | Reached skill level 1 in Dodging
  5237 | D:6      | Reached skill level 5 in Shields
  5302 | D:6      | Found a glowing golden altar of the Shining One.
  5302 | D:6      | Found a burning altar of Makhleb.
  5316 | D:6      | Reached skill level 7 in Axes
  5326 | D:6      | Got the Precepts of the Bull
  5642 | D:6      | Slain by an ogre

Illustrated notes

Levels and vault maps discovered:
D:1:      mrwooster_arrival_statue_3, layout_loops_corners,
          ebering_ecumenical_altar_rust, minmay_tiny_reverse_x
D:2:      layout_basic
D:3:      layout_basic, uniq_jessica
D:4:      layout_layer_cave
D:5:      layout_cave_pods, serial_shops, shop, uniq_eustachio
D:6:      layout_basic, jmf_multi_god_temple

Skill      XL: |  1  2  3  4  5  6  7 |
---------------+----------------------+-----
Shields        | 4 5 |  5.2
Fighting       | 4 5 |  5.5
Armour         | 4 5 6 |  6.1
Axes           | 3 4 5 6 7 |  7.6
Dodging        | 1 |  1.1
Stealth        | |  0.6

Action                     |  1- 3 |  4- 6 |  7- 9 || total
---------------------------+-------+-------+-------++-------
  Melee: War axe           |    72 |   135 |    53 ||   260
         Headbutt          |     7 |    16 |     4 ||    27
    Use: Scroll            |       |       |    17 ||    17
 Armour: Scale mail        |     8 |       |       ||     8
         Chain mail        |    41 |   101 |    31 ||   173
  Dodge: Dodged            |    32 |    64 |    20 ||   116
  Block: Buckler           |    16 |    37 |    17 ||    70

Table legend: (Time is in decaauts)
 A = Elapsed time spent in this place.
 B = Non-inter-level travel time spent in this place.
 C = Inter-level travel time spent in this place.
 D = Time resting spent in this place.
 E = Time spent auto-exploring this place.
 F = Levels seen in this place.
 G = Mean time per level.
                   A        B        C        D        E       F      G
               +--------+--------+--------+--------+--------+-----+--------+
         Total |   5718 |   5544 |    174 |     55 |   4650 |   6 |  953.0 |
       Dungeon |   5718 |   5544 |    174 |     55 |   4650 |   6 |  953.0 |
               +--------+--------+--------+--------+--------+-----+--------+

Top non-repeatable levels by time:
     D:4: 1515 daAuts
     D:3: 1119 daAuts
     D:5: 983 daAuts
     D:1: 968 daAuts
     D:2: 660 daAuts
     D:6: 470 daAuts
